 Dungeon Crawl Stone Soup version 0.28.0 (webtiles) character file.

Game seed: 16781786814453097378

211560 dolemite99 the Summoner (level 18, -4/151 HPs)
             Began as a White Draconian Earth Elementalist on Feb 12, 2022.
             Was an Initiate of Yredelemnul.
             Slain by a lindwurm (7 damage)
             ... on level 2 of the Vaults.
             The game lasted 02:49:27 (84962 turns).

dolemite99 the Summoner (DrEE)                     Turns: 84962, Time: 02:49:28

Health: -4/151     AC: 24    Str: 10    XL:     18   Next: 21%
Magic:  0/31       EV: 15    Int: 25    God:    Yredelemnul [......]
Gold:   772        SH:  4    Dex: 11    Spells: 2/36 levels left

rFire   . . .      SeeInvis .   b - +5 fustibalus (flame)
rCold   + . .      Faith    +   I - +0 buckler
rNeg    . . .      Spirit   +   (armour unavailable)
rPois   .          Reflect  .   Z - +2 hat of the Bear Spirit {Spirit, *Rage Will++}
rElec   .          Harm     .   s - +1 cloak {Will+}
rCorr   .          Rampage  .   U - +2 pair of gloves
Will    +++++      Rage     20% k - +2 pair of boots
Stlth   +++.......              e - amulet of faith
HPRegen 0.35/turn               y - +4 ring of protection {=R}
MPRegen 0.22/turn               i - ring of willpower

@: brilliant, hasted, very quick
A: breathe frost, AC +10, unfitting armour, cold resistance 1, cold-blooded
}: 1/15 runes: decaying
a: Breathe Frost, Renounce Religion, Recall Undead Harvest


You were on level 2 of the Vaults.
You worshipped Yredelemnul.
Yredelemnul was aware of your devotion.
You visited 6 branches of the dungeon, and saw 31 of its levels.
You also visited: Sewer.

You collected 4830 gold pieces.
You spent 4058 gold pieces at shops.

Inventory:

Hand Weapons
 a - a +3 demon trident of flaming
 b - a +5 fustibalus of flaming (weapon)
Missiles
 n - a throwing net
 t - 49 poisoned darts
 B - 88 sling bullets (quivered ammo)
 P - 5 datura-tipped darts
 S - 620 stones
Armour
 k - a +2 pair of boots (worn)
 s - a +1 cloak of willpower (worn)
 I - a +0 buckler (worn)
 U - a +2 pair of gloves (worn)
 Z - the +2 hat of the Bear Spirit (worn) {Spirit, *Rage Will++}
   (You found it on level 2 of the Lair of Beasts)

   Going berserk makes the wearer tougher, and they're slowed less afterward.
   *Rage:     It berserks you when you make melee attacks (+20% chance).
   Will:      It greatly increases your willpower.
Magical Staves
 q - a staff of air
 C - a staff of poison
 W - a staff of earth
Jewellery
 c - the ring of the Messenger {Fly rC+ rCorr}
   (You found it on level 1 of the Vaults)

   [ring of flight]

   rC:        It protects you from cold.
   Fly:       It grants you flight.
   rCorr:     It protects you from acid and corrosion.
 e - an amulet of faith (around neck)
 f - a ring of flight
 h - an amulet of magic regeneration
 i - a ring of willpower (right hand)
 y - a +4 ring of protection (left hand) {=R}
 z - a ring of poison resistance
 J - a ring of positive energy
 L - a ring of fire
 M - a ring of resist corrosion
 O - the ring of Imyxtibb {Drain rF+ Str+3 Int+4}
   (You found it on level 2 of the Swamp)

   [ring of protection from fire]

   Str:       It affects your strength (+3).
   Int:       It affects your intelligence (+4).
   rF:        It protects you from fire.
   Drain:     It drains your maximum health when unequipped.
Wands
 l - a wand of polymorph (4)
 K - a wand of flame (22)
 Q - a wand of mindburst (14)
 T - a wand of digging (2)
Scrolls
 r - a scroll of torment
 w - a scroll of amnesia
 x - a scroll of vulnerability
 D - a scroll of magic mapping
 F - a scroll of silence
 H - 11 scrolls of identify {@r1}
 N - 8 scrolls of enchant armour
Potions
 j - a potion of cancellation
 m - 6 potions of attraction
 p - 6 potions of lignification
 v - 3 potions of might
 G - 2 potions of berserk rage
 R - 3 potions of flight
Miscellaneous
 o - a box of beasts (inert)
 X - a lightning rod (inert)


   Skills:
 - Level 11.4 Fighting
 - Level 4.5 Polearms
 - Level 5.7(6.0) Slings
 - Level 2.3(4.3) Throwing
 - Level 10.0 Dodging
 - Level 5.0 Stealth
 - Level 4.0 Shields
 - Level 9.5 Spellcasting
 - Level 9.6 Conjurations
 - Level 8.3 Hexes
 - Level 11.4 Summonings
 - Level 8.6 Necromancy
 - Level 1.0 Transmutations
 - Level 6.5 Fire Magic
 - Level 10.0 Ice Magic
 + Level 7.9 Air Magic
 - Level 10.2 Earth Magic
 - Level 5.4 Poison Magic
 - Level 10.2 Invocations


You had 2 spell levels left.
You knew the following spells:

 Your Spells              Type           Power      Damage    Failure   Level
a - Summon Mana Viper     Hex/Summ       75%        N/A       3%          5
b - Summon Ice Beast      Ice/Summ       78%        N/A       1%          4
c - Call Canine Familiar  Summ           81%        N/A       1%          3
d - Sublimation of Blood  Necr           70%        N/A       1%          2
e - Mephitic Cloud        Conj/Pois/Air  66%        N/A       1%          3
f - Blink                 Tloc           34%        N/A       10%         2
g - Lee's Rapid Deconstr  Erth           38%        3d20*     2%          5
h - Fireball              Conj/Fire      34%        3d14      6%          5
i - Freezing Cloud        Conj/Ice/Air   36%        6-21      4%          5

Your spell library contained the following spells:

 Spells                   Type           Power      Damage    Failure   Level
 Animate Skeleton         Necr           100%       N/A       1%          1
 Foxfire                  Conj/Fire      100%       2x1d9     1%          1
 Magic Dart               Conj           100%       1d8       1%          1
 Pain                     Necr           100%       1d9       1%          1
 Sandblast                Erth           100%       2d20      1%          1
 Shock                    Conj/Air       100%       1d9       1%          1
 Call Imp                 Summ           81%        N/A       1%          2
 Passwall                 Tmut/Erth      46%        N/A       1%          2
 Conjure Flame            Conj/Fire      68%        6-21      1%          3
 Inner Flame              Hex/Fire       65%        N/A       1%          3
 Stone Arrow              Conj/Erth      100%       3d13      1%          3
 Summon Guardian Golem    Hex/Summ       75%        N/A       1%          3
 Swiftness                Air            67%        N/A       1%          3
 Vampiric Draining        Necr           70%        2d11      1%          3
 Leda's Liquefaction      Hex/Erth       36%        N/A       1%          4
 Airstrike                Air            33%        N/A       2%          4
 Flame Wave               Conj/Fire      68%        2d13      2%          4
 Ignite Poison            Fire/Tmut/Pois 50%        N/A       3%          3
 Portal Projectile        Hex/Tloc       98%        N/A       3%          3
 Iskenderun's Battlesphe  Conj           74%        2d12      3%          5
 Metabolic Englaciation   Hex/Ice        36%        N/A       4%          5
 Excruciating Wounds      Necr           35%        N/A       5%          5
 Petrify                  Tmut/Erth      56%        N/A       6%          4
 Iron Shot                Conj/Erth      37%        9d7       17%         6
 Irradiate                Conj/Tmut      27%        3d22      21%         5
 Conjure Ball Lightning   Conj/Air       35%        3x3d11    26%         6
 Monstrous Menagerie      Summ           40%        N/A       45%         7
 Spellforged Servitor     Conj/Summ      38%        N/A       58%         7
 Statue Form              Tmut/Erth      37%        N/A       69%         6
 Orb of Destruction       Conj           37%        9d11      71%         7
 Blade Hands              Tmut           12%        N/A       77%         5
 Manifold Assault         Tloc           17%        N/A       88%         5
 Storm Form               Tmut/Air       25%        N/A       100%        7


Dungeon Overview and Level Annotations

Branches:
Dungeon (15/15)            Temple (0/1) D:4            Lair (6/6) D:10
  Swamp (4/4) Lair:2       Spider (2/4) Lair:4        Slime (0/5) Lair:6
    Orc (2/2) D:9             Elf (0/3) Orc:2        Vaults (2/5) D:14
 Depths (0/4) D:15          Sewer (visited)
  Crypt: Vaults:2-3

Altars:
Dithmenos
Elyvilon
Hepliaklqana
Kikubaaqudgha
Nemelex Xobeh
Ru
Sif Muna
Uskayaw
Wu Jian
Yredelemnul
Jiyva

Shops:
D:10 [   D:13 *   D:15 (:*   Orc:2 [(=::?*!   Vaults:2 *:

Portals:
Trove: D:12 (give +3 storm dragon scales)

Annotations:
D:10 exclusion: upstairs
D:11 exclusion: downstairs
D:12 4 runed translucent doors, Shukka's ghost, journeyman MiBe
Lair:1 exclusion: oklob plant


Innate Abilities, Weirdness & Mutations

You can breathe waves of freezing cold which knock back foes.
Your icy white scales are hard. (AC +10)
You cannot fit into any form of body armour.
Your flesh is cold resistant. (rC+)
You are cold-blooded and may be slowed by cold attacks.


Message History

* * * LOW HITPOINT WARNING * * *
The lindwurm closely misses you. x2
The lindwurm claws you but does no damage.
The peacekeeper bites you but does no damage.
The peacekeeper claws you.
* * * LOW HITPOINT WARNING * * *
The lindwurm bites you but does no damage.
The lindwurm barely misses you.
The lindwurm claws you but does no damage.
The peacekeeper misses you. The peacekeeper closely misses you.
The peacekeeper bites you!
* * * LOW HITPOINT WARNING * * *
The peacekeeper claws you but does no damage.
You block the lindwurm's attack.
The lindwurm claws you but does no damage. x2
The peacekeeper bites you but does no damage.
The peacekeeper claws you but does no damage.
The lindwurm bites you.
* * * LOW HITPOINT WARNING * * *
The lindwurm claws you but does no damage. x2
The peacekeeper completely misses you.
The peacekeeper claws you but does no damage.
The peacekeeper closely misses you. The peacekeeper barely misses you.
You block the lindwurm's attack. x2; The lindwurm closely misses you.
The peacekeeper bites you but does no damage.
The peacekeeper misses you. The lindwurm breathes flames at you.
The blast of flame hits you!
* * * LOW HITPOINT WARNING * * *
The peacekeeper bites you but does no damage.
The peacekeeper claws you but does no damage.
The peacekeeper bites you but does no damage.
The peacekeeper closely misses you. You block the lindwurm's attack.
The lindwurm claws you.
* * * LOW HITPOINT WARNING * * *
The lindwurm claws you but does no damage.
The peacekeeper misses you. The peacekeeper barely misses you.
You block the lindwurm's attack. The lindwurm claws you!
You die...
Your body rises from the dead as a mindless zombie.

####### #####
#....9 ...#
#######..# #..#
...T..p.k#######@.#
......#.T#[#[#?#9k#
..p...#...Tpkk..p.#
......#############
......# ......#
......# ......#
#######


You could see an ironbound preserver, a lindwurm (catching breath) and a
peacekeeper.

Vanquished Creatures
  A fire giant (D:12)
  A quicksilver ooze (shapeshifter) (D:13)
  2 fire dragons
  An ettin (D:9)
  9 hydras
  A ghost crab (Swamp:4)
  4 boulder beetles
  A catoblepas (D:12)
  5 centaur warriors
  3 death knights (D:12)
  8 two-headed ogres
  A vampire mage (D:14)
  8 death yaks
  An orc high priest (Orc:2)
  2 tengu warriors (D:9)
  Sonja (Orc:1)
  2 pharaoh ants
  A titan skeleton (D:15)
  3 skeletal warriors
  A golden dragon zombie (D:15)
  A goliath frog (shapeshifter) (D:12)
  2 deep trolls (Vaults:1)
  A goliath frog (Swamp:1)
  A spectral hydra (Swamp:4)
  A bog body (Lair:2)
  A phantasmal warrior (Swamp:4)
  3 ironbound convokers (Vaults:1)
  A necromancer (D:15)
  4 orc knights
  3 deep elf pyromancers
  An ugly thing (D:10)
  An ugly thing zombie (D:14)
  A manticore (shapeshifter) (D:15)
  4 orc sorcerers (Orc:2)
  2 will-o-the-wisps
  2 wolf spiders
  4 cyclopes
  5 manticores
  2 moths of wrath
  6 elephants
  8 black mambas
  7 gargoyles (D:12)
  11 cane toads
  A spriggan zombie (D:15)
  3 molten gargoyles (Lair:6)
  2 unseen horrors (D:11)
  3 kobold demonologists (D:9)
  7 komodo dragons
  A human zombie (Vaults:1)
  5 rime drakes
  A demonic crawler (Lair:4)
  2 redback zombies (Spider:1)
  2 efreet
  A tengu conjurer (D:14)
  2 trolls
  A polar bear (Lair:3)
  3 hornets
  5 meliai
  Grinder (D:3)
  2 tarantellas (Spider:1)
  3 blink frogs
  9 slime creatures
  An ettin zombie (D:15)
  A meliai zombie (D:11)
  3 jumping spiders (Lair:4)
  2 centaur simulacra
  6 wraiths
  4 shadows
  6 wyverns
  A water elemental (D:12)
  3 vampires
  28 yaks
  Grum (D:9)
  9 basilisks
  6 vampire mosquitoes
  6 redbacks
  2 swamp worms
  2 wargs (Orc:2)
  A two-headed ogre zombie (D:12)
  A hell hound (Lair:6)
  6 water moccasins
  2 cane toad zombies
  2 acid dragons
  An ice beast (D:7)
  14 orc warriors
  A swamp dragon zombie (Swamp:4)
  6 ogres
  3 black bears
  2 sky beasts
  A boggart (D:14)
  2 elf zombies
  15 wolves
  4 centaurs
  4 phantoms
  A vampire mosquito zombie (D:15)
  5 kobold brigands
  9 bullfrogs
  A wyvern zombie (D:8)
  4 scorpions
  A yak zombie (Lair:6)
  6 killer bees
  12 wights
  2 vampire bats (Lair:3)
  4 electric eels
  A wolf zombie (Lair:1)
  2 howler monkeys
  3 lava snakes (Lair:6)
  3 centaur zombies
  A hound (D:4)
  17 orc priests
  5 jellies
  A gnoll shaman (D:7)
  A centaur skeleton (D:5)
  4 iguanas
  Natasha (D:3)
  22 orc wizards
  A killer bee zombie (Lair:4)
  A howler monkey zombie (D:9)
  A swamp drake zombie (Swamp:4)
  8 gnolls
  8 adders
  A howler monkey skeleton (D:4)
  8 river rats
  A shadow imp (D:3)
  4 white imps
  9 orc zombies
  4 worms
  3 dart slugs
  44 orcs
  7 ball pythons
  6 endoplasms
  4 giant cockroaches
  11 goblins
  12 hobgoblins
  5 jackals
  2 quokkas
  10 bats
  3 frilled lizards
  19 kobolds
  7 rats
  A river rat zombie (Lair:5)
614 creatures vanquished.

Vanquished Creatures (collateral kills)
  A tentacled monstrosity (Swamp:1)
  Jorgrun (Swamp:3)
  Donald (Vaults:1)
  3 fenstrider witches (Swamp:2)
  3 vault wardens (Vaults:1)
  Aizul (Swamp:3)
  Louise (Swamp:1)
  2 ghouls (Swamp:3)
  4 ironbound preservers
  2 very ugly things (Vaults:1)
  2 ironbound thunderhulks
  2 eleionomae (Swamp:2)
  A dire elephant (Vaults:2)
  2 spark wasps
  2 entropy weavers
  2 bunyips (Swamp:3)
  An ettin (Vaults:1)
  A fire dragon (D:15)
  2 vault guards (Vaults:1)
  3 ogre magi
  3 ghost crabs
  7 hydras
  4 boulder beetles
  2 ironbound frosthearts (Vaults:2)
  A catoblepas (Lair:6)
  3 centaur warriors
  6 alligators
  A death yak (Lair:4)
  6 two-headed ogres
  2 orc high priests (Orc:2)
  2 pharaoh ants (Spider:1)
  4 goliath frogs
  3 spriggan druids
  A spriggan rider (Swamp:2)
  A steelbarb worm (Spider:1)
  2 swamp dragons
  7 deep trolls
  6 bog bodies
  A glowing orange brain (Vaults:1)
  3 orc knights (Orc:2)
  A spectral hydra (Swamp:4)
  4 lindwurms
  2 ironbound convokers
  2 wizards
  5 harpies (Vaults:1)
  A deep elf pyromancer (D:13)
  A will-o-the-wisp (Swamp:1)
  13 ugly things
  4 wolf spiders
  3 manticores
  7 cyclopes
  A moth of wrath (Spider:1)
  2 elephants
  6 vault sentinels
  2 black mambas
  A torpor snail (Spider:2)
  2 demonic crawlers (Spider:1)
  4 rime drakes
  2 cane toads (Lair:6)
  An unseen horror (D:12)
  3 efreet
  A yaktaur (Vaults:2)
  4 komodo dragons
  5 swamp worm zombies (Swamp:4)
  A tengu conjurer (D:14)
  5 hydra zombies (Swamp:4)
  4 meliai
  5 hornets
  6 tyrant leeches
  8 blink frogs
  4 tarantellas (Spider:1)
  A boulder beetle zombie (D:12)
  14 slime creatures
  6 dream sheep (Lair:5)
  3 alligator zombies (Swamp:4)
  A spectral swamp dragon (Swamp:4)
  10 spriggans
  5 jumping spiders
  A shadow (D:12)
  2 wyverns
  2 basilisks (Lair:6)
  14 yaks
  2 steam dragons (Lair:6)
  15 redbacks
  14 vampire mosquitoes
  13 swamp worms
  2 hell hounds (Lair:6)
  4 water moccasins
  5 orc warriors
  A swamp drake (Swamp:1)
  A swamp dragon zombie (Swamp:4)
  A black bear (Lair:3)
  5 ogres
  A necrophage (Swamp:3)
  9 wolves
  4 boggarts (D:14)
  4 phantoms (Swamp:4)
  A kobold brigand (D:11)
  6 centaurs
  2 nameless horrors
  A gnoll sergeant (D:12)
  4 bullfrogs
  2 killer bees (Lair:4)
  3 howler monkeys
  2 electric eels (Lair:1)
  A lava snake (Lair:6)
  A hound (D:5)
  A jelly (D:7)
  4 orc priests (Orc:2)
  3 iguanas
  5 orc wizards (Orc:2)
  Natasha (D:3)
  A spectral swamp drake (Swamp:4)
  2 hell rats (Lair:5)
  A hound skeleton (D:4)
  2 gnolls (D:12)
  4 river rats (Lair:5)
  3 swamp drake zombies (Swamp:4)
  2 adders
  14 orcs
  3 goblins
  A hobgoblin (D:4)
  4 jackals
  3 kobolds
  A quokka (D:4)
  A ball python (D:3)
  5 bats
  3 frilled lizards (D:2)
  A rat (D:3)
  A bush (Lair:4)
441 creatures vanquished.

Vanquished Creatures (others)
  A very ugly thing zombie (Vaults:1)
  Erolcha (D:12)
  A spectral hydra (Swamp:3)
  A spectral alligator (Swamp:4)
  A bunyip zombie (Swamp:3)
  An entropy weaver zombie (Spider:2)
  5 goliath frog zombies
  A phantasmal warrior (Swamp:4)
  2 deep elf pyromancers (D:12)
  7 ugly thing zombies
  A wolf spider zombie (Spider:2)
  An eleionoma zombie (Swamp:2)
  An orc sorcerer (Orc:2)
  6 swamp worm zombies
  A catoblepas zombie (Lair:6)
  13 spectral slime creatures
  2 redback zombies
  4 harpy zombies (Vaults:1)
  5 hydra zombies
  2 moth of wrath zombies
  A bloated husk (Swamp:4)
  A slime creature (D:12)
  3 boulder beetle zombies
  A hornet (Swamp:1)
  A jumping spider zombie (Spider:2)
  A demonic crawler zombie (Spider:1)
  A fire dragon zombie (D:12)
  An alligator zombie (Swamp:4)
  A tarantella zombie (Spider:1)
  3 meliai zombies
  3 black mamba zombies (Lair:6)
  4 tyrant leech zombies
  A basilisk (D:12)
  2 vampire mosquitoes (D:12)
  5 deep troll zombies
  8 human zombies
  4 cane toad zombies
  3 two-headed ogre zombies (D:15)
  2 spectral efreet (D:14)
  3 hornet zombies
  3 elf zombies
  An ogre (Orc:2)
  2 elephant zombies (Lair:2)
  A ghost crab zombie (Swamp:1)
  4 lindwurm zombies
  2 manticore zombies
  9 blink frog zombies
  10 vampire mosquito zombies
  3 rime drake zombies
  A komodo dragon zombie (Lair:3)
  A yaktaur zombie (Vaults:2)
  4 cyclops zombies
  2 hell hound zombies (Lair:6)
  3 wyvern zombies
  5 water moccasin zombies
  A warg zombie (Orc:2)
  13 yak zombies
  5 spriggan zombies
  A troll zombie (D:12)
  A killer bee (D:9)
  11 wolf zombies
  7 centaur zombies
  4 bullfrog zombies
  4 basilisk zombies
  3 spectral boggarts (D:14)
  A black bear zombie (Lair:3)
  A scorpion zombie (D:4)
  2 orc wizards (Orc:2)
  3 killer bee zombies
  6 ogre zombies
  A hound zombie (D:4)
  A spectral jelly (D:6)
  3 howler monkey zombies
  A swamp drake zombie (Swamp:1)
  2 adder zombies
  2 electric eel zombies
  2 iguana zombies
  3 lava snake zombies (Lair:6)
  An orc (Orc:2)
  4 bat zombies
  5 river rat zombies
  2 ball python zombies (Sewer)
  2 frilled lizard zombies (D:2)
  A giant cockroach zombie (D:2)
  5 gnoll zombies
  A goblin zombie (D:3)
  2 hobgoblin zombies (D:4)
  3 jackal zombies
  8 kobold zombies
  50 orc zombies
  A quokka zombie (D:5)
  15 foxfires
  57 fungi
  63 plants
  13 withered plants (D:15)
468 creatures vanquished.

Grand Total: 1523 creatures vanquished

Notes
Turn   | Place    | Note
-------+----------+-------------------------------------------
     0 | D:1      | dolemite99 the Draconian Earth Elementalist began the quest
                  | for the Orb.
     0 | D:1      | Reached XP level 1. HP: 14/14 MP: 3/3
   347 | D:1      | Reached XP level 2. HP: 19/20 MP: 0/5
  1057 | D:1      | Found a faded altar of an unknown god.
  1062 | D:1      | Prayed at the altar of an unknown god.
  1062 | D:1      | Became a worshipper of Yredelemnul the Dark
  1062 | D:1      | Reached * piety under Yredelemnul
  1143 | D:1      | Reached XP level 3. HP: 26/26 MP: 6/6
  1431 | D:2      | Found Inegugg's Distillery.
  1494 | D:2      | Learned a level 3 spell: Stone Arrow
  2060 | D:2      | Reached skill level 5 in Earth Magic
  2060 | D:2      | Reached XP level 4. HP: 32/33 MP: 3/7
  2377 | D:2      | Reached ** piety under Yredelemnul
  2501 | D:3      | Noticed a scorpion
  2507 | D:3      | Killed a scorpion
  2508 | D:3      | Reached XP level 5. HP: 36/38 MP: 3/8
  2816 | D:3      | Noticed Grinder
  2838 | D:3      | Paralysed by Grinder for 3 turns
  2844 | D:3      | Paralysed by Grinder for 3 turns
  2849 | D:3      | Killed Grinder
  2850 | D:3      | Reached XP level 6. HP: 34/45 MP: 1/9
  2973 | D:3      | Noticed Natasha
  2979 | D:3      | Killed Natasha
  3230 | D:3      | Noticed Natasha
  3236 | D:3      | Killed Natasha
  3477 | D:4      | Your scales start taking on an icy white colour.
  3477 | D:4      | Reached XP level 7. HP: 50/50 MP: 10/10
  3477 | D:4      | Gained mutation: Your flesh is cold resistant. (rC+) [White
                  | Draconian growth]
  3477 | D:4      | Found a staircase to the Ecumenical Temple.
  3714 | D:4      | Reached skill level 1 in Conjurations
  4066 | D:4      | Found an ornate altar of the Wu Jian Council.
  4066 | D:4      | Found a white marble altar of Elyvilon.
  4066 | D:4      | Found a hide-covered altar of Uskayaw.
  4066 | D:4      | Found a sparkling altar of Nemelex Xobeh.
  4067 | D:4      | Found a shimmering blue altar of Sif Muna.
  4067 | D:4      | Found a hazy altar of Hepliaklqana.
  4068 | D:4      | Found a sacrificial altar of Ru.
  4068 | D:4      | Found an ancient bone altar of Kikubaaqudgha.
  4068 | D:4      | Found a shadowy altar of Dithmenos.
  4602 | D:5      | Entered Level 5 of the Dungeon
  4686 | D:5      | Reached skill level 5 in Conjurations
  4686 | D:5      | Reached XP level 8. HP: 41/57 MP: 7/11
  4874 | D:5      | Reached skill level 1 in Polearms
  6198 | D:6      | Found a glowing drain.
  6205 | Sewer    | Entered a sewer
  6450 | Sewer    | Reached XP level 9. HP: 62/62 MP: 11/13
  6955 | D:2      | Bought a potion of heal wounds for 60 gold pieces
  6955 | D:2      | Bought a potion of lignification for 36 gold pieces
  6955 | D:2      | Bought a potion of invisibility for 96 gold pieces
  6955 | D:2      | Bought a potion of curing for 36 gold pieces
  6955 | D:2      | Bought a potion of berserk rage for 60 gold pieces
  7637 | D:7      | Reached *** piety under Yredelemnul
  8540 | D:8      | Learned a level 3 spell: Mephitic Cloud
  9025 | D:8      | Reached skill level 1 in Air Magic
  9039 | D:8      | Reached skill level 1 in Poison Magic
 10357 | D:2      | Bought 2 potions of curing for 72 gold pieces
 10357 | D:2      | Bought a potion of heal wounds for 60 gold pieces
 10357 | D:2      | Bought a potion of flight for 36 gold pieces
 10580 | D:9      | Noticed Grum
 10591 | D:9      | Killed Grum
 10782 | D:9      | Noticed a kobold demonologist
 10784 | D:9      | Noticed a kobold demonologist
 10788 | D:9      | Killed a kobold demonologist
 10789 | D:9      | Reached XP level 10. HP: 69/69 MP: 14/14
 10806 | D:9      | Reached skill level 5 in Air Magic
 10806 | D:9      | Reached skill level 5 in Poison Magic
 11016 | D:9      | Reached XP level 11. HP: 92/92 MP: 15/15
 11766 | D:9      | Reached skill level 1 in Throwing
 12883 | D:9      | Found a staircase to the Orcish Mines.
 13100 | D:9      | Noticed a tengu warrior
 13100 | D:9      | Noticed a tengu warrior
 13105 | D:10     | Entered Level 10 of the Dungeon
 13160 | D:10     | Noticed a two-headed ogre
 13166 | D:10     | Killed a two-headed ogre
 13478 | D:10     | Found a staircase to the Lair.
 13808 | D:11     | Noticed a boulder beetle
 13826 | D:11     | Killed a boulder beetle
 13871 | D:11     | Noticed a two-headed ogre
 13878 | D:11     | Killed a two-headed ogre
 14689 | D:11     | Noticed a two-headed ogre
 14702 | D:11     | Killed a two-headed ogre
 15150 | D:10     | Found Eheqas's Armour Shoppe.
 15174 | D:10     | Noticed a brown ugly thing
 15699 | D:10     | Reached skill level 5 in Stealth
 16351 | Lair:1   | Entered Level 1 of the Lair of Beasts
 16360 | Lair:1   | Learned a level 3 spell: Vampiric Draining
 16366 | Lair:1   | Learned a level 5 spell: Fireball
 16583 | Lair:1   | Reached skill level 1 in Slings
 16583 | Lair:1   | Reached XP level 12. HP: 78/102 MP: 6/16
 16871 | Lair:1   | Reached skill level 1 in Fire Magic
 17489 | Lair:1   | Found an ornate altar of the Wu Jian Council.
 19434 | Lair:2   | Reached skill level 5 in Slings
 19860 | Lair:2   | Noticed a five-headed hydra
 19868 | Lair:2   | Killed a five-headed hydra
 20108 | Lair:2   | Noticed a seven-headed hydra
 20114 | Lair:2   | Killed a seven-headed hydra
 20299 | Lair:2   | Reached skill level 5 in Fire Magic
 20728 | Lair:2   | Found the +2 hat of the Bear Spirit {Spirit, *Rage Will++}
 21060 | Lair:2   | Found a staircase to the Swamp.
 21317 | Lair:2   | Learned a level 2 spell: Passwall
 21320 | Lair:2   | Learned a level 2 spell: Blink
 21524 | Lair:3   | Noticed a death yak
 21526 | Lair:3   | Noticed a death yak
 21526 | Lair:3   | Noticed a death yak
 21527 | Lair:3   | Noticed a death yak
 21528 | Lair:3   | Noticed a death yak
 21529 | Lair:3   | Noticed a death yak
 21656 | Lair:3   | Noticed a six-headed hydra
 21662 | Lair:3   | Killed a six-headed hydra
 21816 | Lair:3   | Reached XP level 13. HP: 108/108 MP: 15/19
 24566 | Lair:2   | Reached skill level 10 in Earth Magic
 25680 | Lair:3   | Reached skill level 5 in Spellcasting
 26038 | Lair:4   | Found a hole to the Spider Nest.
 26922 | Lair:4   | Reached skill level 1 in Shields
 27128 | Lair:4   | Identified the +8 hand axe "Trog's Righteous Fury" {pain,
                  | rF- Dex+3}
 27869 | Lair:4   | Reached **** piety under Yredelemnul
 28264 | Lair:5   | Learned a level 3 spell: Summon Guardian Golem
 28272 | Lair:5   | You fall into a shaft and drop 1 floor!
 28272 | Lair:6   | Entered Level 6 of the Lair of Beasts
 28440 | Lair:5   | Reached skill level 1 in Summonings
 29220 | Lair:5   | Reached skill level 1 in Hexes
 29220 | Lair:5   | Reached XP level 14. HP: 118/118 MP: 10/23
 29267 | Lair:5   | Reached ***** piety under Yredelemnul
 29274 | Lair:5   | Reached ****** piety under Yredelemnul
 30466 | Lair:6   | Reached skill level 1 in Invocations
 30982 | Lair:6   | Found a viscous altar of Jiyva.
 30986 | Lair:6   | Found a staircase to the Slime Pits.
 31079 | Lair:6   | Reached skill level 5 in Invocations
 31410 | Lair:6   | Found a large runed translucent door.
 31411 | Lair:6   | Found a large runed translucent door.
 32870 | D:2      | Bought a potion of haste for 120 gold pieces
 32870 | D:2      | Bought a potion of haste for 120 gold pieces
 36584 | Orc:1    | Entered Level 1 of the Orcish Mines
 36609 | Orc:1    | Noticed Sonja
 36617 | Orc:1    | Killed Sonja
 36968 | D:9      | Reached skill level 10 in Invocations
 38214 | D:12     | Found a portal to a secret trove of treasure.
 39068 | D:12     | Reached skill level 5 in Hexes
 39068 | D:12     | Reached skill level 5 in Summonings
 39497 | D:12     | Reached XP level 15. HP: 49/124 MP: 2/24
 42057 | D:12     | Got the Collected Works on Burning Arcane Weapons
 43457 | D:12     | Noticed Erolcha
 43792 | D:12     | Killed Erolcha
 44247 | D:12     | Noticed a fire giant
 44258 | D:12     | Killed a fire giant
 45604 | D:12     | Identified the +0 pair of gloves of the Ageless Curses
                  | {Regen+}
 45878 | D:12     | Found a runed translucent gate.
 45879 | D:12     | Found a runed translucent gate.
 45881 | D:12     | Found a runed translucent gate.
 45882 | D:12     | Noticed Shukka's ghost (journeyman MiBe)
 45886 | D:12     | Found a runed translucent door.
 45887 | D:12     | Noticed a fire giant
 47645 | Orc:2    | Entered Level 2 of the Orcish Mines
 47645 | Orc:2    | Found a staircase to the Elven Halls.
 47654 | Orc:2    | Found Adirhad's Antique Armour Emporium.
 47770 | Orc:2    | Found Baot's Jewellery Boutique.
 48839 | Orc:2    | Bought an embroidered cloak for 255 gold pieces
 49167 | Orc:2    | Found Xethrak's Weapon Boutique.
 49184 | Orc:2    | Learned a level 5 spell: Lee's Rapid Deconstruction
 50764 | Orc:2    | Found Saiqe's General Store.
 50768 | Orc:2    | Found Mywebb's Magic Scroll Shoppe.
 50784 | Orc:2    | Found Hiaph's Book Shop.
 50784 | Orc:2    | Found Nolecuog's Book Shoppe.
 50816 | Orc:2    | Bought a book of Alchemy for 336 gold pieces
 50819 | Orc:2    | Learned a level 2 spell: Sublimation of Blood
 50821 | Orc:2    | Bought a book of Beasts for 494 gold pieces
 50827 | Orc:2    | Learned a level 4 spell: Summon Ice Beast
 50869 | Orc:2    | Reached skill level 1 in Ice Magic
 50955 | Orc:2    | Found Itsixuck's Distillery.
 50997 | Orc:2    | Bought a scroll of brand weapon for 280 gold pieces
 50998 | Orc:2    | Bought a scroll of enchant weapon for 105 gold pieces
 50998 | Orc:2    | Bought a scroll of teleportation for 42 gold pieces
 50998 | Orc:2    | Bought a scroll of silence for 105 gold pieces
 50999 | Orc:2    | Bought a scroll of amnesia for 49 gold pieces
 51002 | Orc:2    | Bought a potion of curing for 42 gold pieces
 51002 | Orc:2    | Bought a scroll of identify for 28 gold pieces
 51002 | Orc:2    | Bought a scroll of amnesia for 49 gold pieces
 51002 | Orc:2    | Bought a potion of flight for 42 gold pieces
 51002 | Orc:2    | Bought 18 sling bullets for 126 gold pieces
 51012 | Orc:2    | Bought a book of Power for 546 gold pieces
 51026 | Orc:2    | Learned a level 5 spell: Summon Mana Viper
 53574 | D:13     | Reached skill level 5 in Ice Magic
 54397 | D:13     | Reached XP level 16. HP: 125/132 MP: 25/25
 54773 | D:13     | Found Ciniketec's Assorted Antiques.
 54779 | D:13     | Bought a potion of magic for 224 gold pieces
 54779 | D:13     | Bought a scroll of teleportation for 84 gold pieces
 54779 | D:13     | Bought a potion of curing for 84 gold pieces
 54779 | D:13     | Bought a scroll of identify for 56 gold pieces
 54779 | D:13     | Bought a wand of polymorph (4) for 56 gold pieces
 54779 | D:13     | Bought an ivory wand for 112 gold pieces
 54779 | D:13     | Bought a wand of iceblast (5) for 112 gold pieces
 54994 | D:13     | Found a sacrificial altar of Ru.
 56863 | D:14     | Reached skill level 10 in Summonings
 58401 | D:14     | Found a gate to the Vaults.
 59013 | D:15     | Entered Level 15 of the Dungeon
 59013 | D:15     | Found Fushrat's General Store.
 59021 | D:15     | Bought a scroll of blinking for 75 gold pieces
 59021 | D:15     | Bought a wand of iceblast (2) for 60 gold pieces
 59025 | D:15     | Found Ecwukh's Book Boutique.
 59029 | D:15     | Found Taakhu Xaaqu's Weapon Shoppe.
 60166 | D:15     | Noticed Nessos
 60215 | D:15     | Noticed Nessos
 60215 | D:15     | Nessos changed into Nessos the glowing shapeshifter
 60216 | D:15     | Noticed Nessos
 60216 | D:15     | Nessos the glowing shapeshifter changed into Nessos the
                  | faun
 60218 | D:15     | Noticed Nessos
 60218 | D:15     | Nessos the faun changed into Nessos the anaconda
 60225 | D:15     | Noticed Nessos
 60225 | D:15     | Nessos the anaconda changed into Nessos the faun
 60226 | D:15     | Noticed Nessos
 60226 | D:15     | Nessos the faun changed into Nessos the sea snake
 60229 | D:15     | Noticed Nessos
 60229 | D:15     | Nessos the sea snake changed into Nessos the manticore
 60232 | D:15     | Killed Nessos the manticore
 60656 | D:15     | Reached skill level 1 in Necromancy
 62792 | D:15     | Found a staircase to the Depths.
 64045 | Swamp:1  | Entered Level 1 of the Swamp
 64157 | Swamp:1  | Noticed Louise
 64834 | Spider:1 | Entered Level 1 of the Spider Nest
 68677 | Spider:1 | Reached skill level 10 in Fighting
 70408 | Swamp:1  | Killed Louise
 70681 | Swamp:1  | Noticed a tentacled monstrosity
 70697 | Swamp:1  | Killed a tentacled monstrosity
 70698 | Swamp:1  | Reached XP level 17. HP: 112/141 MP: 7/26
 71112 | Swamp:1  | Your ally Louise died
 72473 | Swamp:1  | Reached skill level 10 in Ice Magic
 73045 | Swamp:2  | Learned a level 3 spell: Call Canine Familiar
 73241 | Swamp:2  | Reached skill level 5 in Necromancy
 74020 | Swamp:2  | Found a runed translucent door.
 74031 | Swamp:2  | Identified the ring of Imyxtibb {Drain rF+ Str+3 Int+4}
 74764 | Swamp:3  | Noticed Jorgrun
 74780 | Swamp:3  | Killed Jorgrun
 75169 | Swamp:3  | Noticed Aizul
 75193 | Swamp:3  | Killed Aizul
 75883 | Swamp:4  | Entered Level 4 of the Swamp
 78174 | Swamp:4  | Reached skill level 10 in Dodging
 78515 | Swamp:4  | Noticed a bone dragon
 78520 | Swamp:4  | Got a decaying rune of Zot
 79450 | Vaults:1 | Entered Level 1 of the Vaults
 79499 | Vaults:1 | Identified the ring of the Messenger {Fly rC+ rCorr}
 81041 | Vaults:1 | Identified the +2 kite shield of Insurance {Harm *Corrode
                  | Str+6}
 81041 | Vaults:1 | Noticed Donald
 81052 | Vaults:1 | Killed Donald
 81229 | Vaults:1 | Your ally Donald died
 81276 | Vaults:1 | Reached XP level 18. HP: 119/151 MP: 6/31
 81779 | Vaults:1 | Learned a level 5 spell: Freezing Cloud
 84694 | Vaults:2 | Found Naerynti's Assorted Antiques.
 84870 | Vaults:2 | Found Jitin's Book Shoppe.
 84960 | Vaults:2 | HP: 7/151 [lindwurm/blast of flame (11)]
 84961 | Vaults:2 | HP: 3/151 [lindwurm (4)]
 84962 | Vaults:2 | Slain by a lindwurm

Illustrated notes

Levels and vault maps discovered:
D:1:      dpeg_arrival_subterranean_lakeside_camping, layout_loops_ring,
          ebering_ecumenical_altar_rust
D:2:      layout_basic, serial_shops, shop_statue, grunt_decor_junction
D:3:      cheibrodos_greedy_goblins, layout_rooms, kennysheep_generic_room_4,
          uniq_natasha, uniq_grinder
D:4:      layout_basic, nicolae_overflows_in_rows,
          minmay_temple_entry_water_ring
D:5:      layout_rooms
D:6:      layout_basic, gup_sewer_entry_bubbles
D:7:      layout_loops_ring
D:8:      layout_cave_pods
D:9:      layout_roguey, orc_0_dummy, uniq_grum
D:10:     layout_irregular_city, lair_entry_dummy, serial_shops,
          nicolae_shop_trees
D:11:     layout_roguey, minmay_misc_feat_plants
D:12:     minmay_the_grid_square_5x5_5x5 [minmay_the_grid_square_5x5_n_small,
          minmay_the_grid_square_5x5_trominoes,
          minmay_the_grid_square_5x5_checkered_sparse,
          minmay_the_grid_square_5x5_spiral, minmay_the_grid_square_5x5_two,
          minmay_the_grid_square_5x5_tetrominoes,
          minmay_the_grid_square_5x5_prize_deathbox,
          minmay_the_grid_square_5x5_n, minmay_the_grid_square_5x5_prize_open,
          minmay_the_grid_square_5x5_hollow_slash,
          minmay_the_grid_square_5x5_empty, minmay_the_grid_square_5x5_inner_i,
          minmay_the_grid_square_5x5_prize_gold,
          minmay_the_grid_square_5x5_shuriken,
          minmay_the_grid_square_5x5_corner,
          minmay_the_grid_square_5x5_moneybag,
          minmay_the_grid_square_5x5_prize_monsterx,
          minmay_the_grid_square_5x5_pentomino_r,
          minmay_the_grid_square_5x5_prize_waves,
          minmay_the_grid_square_5x5_empty, minmay_the_grid_square_5x5_plus,
          minmay_the_grid_square_5x5_misaligned, minmay_the_grid_square_5x5_six,
          minmay_the_grid_square_5x5_inverted_slash,
          minmay_the_grid_square_5x5_half_checkered], layout_basic,
          enter_trove_6, gammafunk_ghost_spectres, kennysheep_treasure_room,
          uniq_erolcha
D:13:     minmay_chambers_of_sevens, layout_basic, serial_shops,
          kennysheep_mini_moat, nicolae_ru_path_of_blood
D:14:     layout_basic, skrybe_vaults_entry_preservation,
          hangedman_abyss_or_decor_stabs, amethyst_killhole
D:15:     gammafunk_depths_entry_grave, layout_rooms, serial_shops,
          nicolae_shop_stone, shop, nicolae_shop_trees, minmay_crystal_room,
          lemuel_old_faithful, uniq_nessos
Lair:1:   layout_cave_pods, lemuel_oklob_altar, serial_bayou_shore_a,
          infiniplex_staircase_pool
Lair:2:   layout_gridlike, skrybe_swamp_entry_bodies, small_statue_intersection
Lair:3:   layout_regular_city, roderic_batcave
Lair:4:   layout_cave_pods, hellmonk_spider_entry_not_the_bees,
          lemuel_fruit_tree
Lair:5:   layout_cave_pods, gauntlet_entry_generic, kennysheep_rathole
Lair:6:   cheibrodos_lair_end_hotspot, layout_big_grid, slime_altar_1,
          portal_ice_cave_rime, nicolae_volcano_entry_two_sided,
          serial_bayou_shore_b
Swamp:1:  layout_basic_swamp, evilmike_swamp_ruin_house_4, uniq_louise
Swamp:2:  layout_basic_swamp, evilmike_swamp_ruin_rubble_2, swamp_pool3,
          nicolae_swamp_triple_paths, hangedman_swamp_blocks,
          nzn_swamp_weyward_sisters
Swamp:3:  layout_basic_swamp, evilmike_swamp_ruin_house_3, swamp_pool1,
          nicolae_swamp_small_spring, uniq_aizul, uniq_jorgrun
Swamp:4:  swamp_pestilence, layout_basic_swamp
Spider:1: layout_cave_pods, drop_trap, hangedman_spider_tarantella_strand
Spider:2: nicolae_spider_mines_2
Orc:1:    layout_caves, uniq_sonja
Orc:2:    st_orc_elflike, layout_caves, serial_shops, nicolae_lakefront_shop,
          shop, nicolae_shop_trees, nicolae_lakefront_shop, abandoned_shop,
          guppyfry_library_mini
Vaults:1: hangedman_vaults_capsules, v_rooms_6, nicolae_vaults_theta,
          vaults_room_grunt_arrival_ludios, ontoclasm_vaults_decontamination,
          v_misc_23, layout_vaults_omnigrid, uniq_donald
Vaults:2: nicolae_vaults_big_angled_halls, v_misc_13, hangedman_vaults_locks,
          vaults_mumra_hexcomb, nicolae_vaults_yaktaur_gun_rack,
          nicolae_vaults_shelves_hall, nicolae_vaults_network_periphery,
          nicolae_vaults_specimen_jars, vaults_room_door_ring,
          vaults_room_pools, layout_vaults_omnicross, serial_shops, shop, shop,
          nicolae_shop_crystal, shop, shop, uniq_saint_roka, uniq_jory,
          uniq_margery

Skill      XL: |  1  2  3  4  5  6  7  8  9 10 11 12 13 14 15 16 17 18 |
---------------+-------------------------------------------------------+-----
Earth Magic    | 4 5 7 8 10 | 10.2
Conjurations   | 5 7 9 |  9.6
Polearms       | 3 4 |  4.5
Spellcasting   | 3 4 6 9 |  9.5
Air Magic      | 4 5 7 |  7.9
Poison Magic   | 4 5 |  5.4
Fighting       | 7 8 9 10 11 | 11.4
Dodging        | 6 7 8 9 10 | 10.0
Throwing       | 2 |  2.3
Stealth        | 5 |  5.0
Slings         | 1 5 |  5.7
Fire Magic     | 6 |  6.5
Shields        | 4 |  4.0
Summonings     | 4 5 8 11 | 11.4
Hexes          | 1 5 8 |  8.3
Invocations    | 10 | 10.2
Ice Magic      | 6 9 10 | 10.0
Necromancy     | 4 8 |  8.6
Transmutations | |  1.0

Action                   |  1- 3 |  4- 6 |  7- 9 | 10-12 | 13-15 | 16-18 || total
-------------------------+-------+-------+-------+-------+-------+-------++-------
Melee: Club              |     3 |       |       |       |       |       ||     3
       Tailslap          |     3 |     9 |     6 |    22 |    16 |     7 ||    63
       Unarmed           |     1 |       |       |       |       |       ||     1
       Short sword       |    41 |       |       |       |       |       ||    41
       Dagger            |     1 |    54 |    24 |       |       |       ||    79
       Punch             |       |       |     1 |     3 |       |       ||     4
       Spear             |       |       |    25 |   135 |    86 |     6 ||   252
       Hand axe          |       |       |       |     2 |       |       ||     2
       Fustibalus        |       |       |       |       |     1 |       ||     1
       Demon trident     |       |       |       |       |       |    32 ||    32
 Fire: Shortbow          |       |       |    43 |     1 |       |       ||    44
       Fustibalus        |       |       |       |    98 |   631 |   268 ||   997
Throw: Dart              |       |       |       |    83 |     7 |     6 ||    96
 Cast: Sandblast         |    45 |    36 |   148 |    47 |       |       ||   276
       Mephitic Cloud    |       |       |     1 |    44 |   154 |    56 ||   255
       Stone Arrow       |       |       |       |    88 |   380 |       ||   468
       Fireball          |       |       |       |       |     7 |     5 ||    12
       Blink             |       |       |       |       |     2 |     8 ||    10
       Summon Guardian G |       |       |       |       |    30 |       ||    30
       Lee's Rapid Decon |       |       |       |       |    16 |    60 ||    76
       Summon Ice Beast  |       |       |       |       |     9 |   155 ||   164
       Summon Mana Viper |       |       |       |       |     8 |   162 ||   170
       Sublimation of Bl |       |       |       |       |     7 |    40 ||    47
       Call Canine Famil |       |       |       |       |       |    69 ||    69
Invok: Recall Undead Har |       |       |     1 |       |     1 |     1 ||     3
       Dark Bargain      |       |       |       |       |     1 |       ||     1
       Bind Soul         |       |       |       |       |       |     2 ||     2
 Abil: Breathe Frost     |       |       |    13 |     3 |    24 |    16 ||    56
Evoke: Wand              |       |       |     4 |    13 |    15 |    37 ||    69
       Lightning rod     |       |       |       |       |    20 |    15 ||    35
       Box of beasts     |       |       |       |       |     1 |     5 ||     6
  Use: Scroll            |       |       |    14 |    11 |    19 |    26 ||    70
       Potion            |       |       |       |     7 |    13 |    31 ||    51
 Stab: Sleeping          |     3 |     2 |     2 |       |       |       ||     7
       Distracted        |     1 |     1 |     1 |     1 |       |     1 ||     5
       Invisible         |       |       |       |     3 |       |       ||     3
       Confused          |       |       |       |     7 |     4 |       ||    11
Armor: Skin              |    22 |    24 |    38 |   110 |   394 |   517 ||  1105
Dodge: Dodged            |    78 |    46 |    87 |   227 |   418 |   566 ||  1422
Block: Buckler           |       |       |       |     3 |   114 |   169 ||   286
